 Dungeon Crawl Stone Soup version 0.26.0-57-g60708a5e39 (webtiles) character file.

Game seed: 3096322683015614305

3215 Gadfly the Envoy of Void (level 10, 0/76 HPs)
             Began as a Formicid Abyssal Knight on Feb 1, 2021.
             Was a High Priest of Lugonu.
             Killed from afar by a steam dragon (13 damage)
             ... with a ball of steam
             ... on level 8 of the Dungeon.
             The game lasted 00:14:24 (8165 turns).

Gadfly the Envoy of Void (Formicid Abyssal Knight)  Turns: 8165, Time: 00:14:25

Health: 0/76       AC: 13    Str: 21    XL:     10   Next: 17%
Magic:  15/15      EV:  7    Int: 11    God:    Lugonu [*****.]
Gold:   404        SH: 10    Dex: 10    Spells: 9/9 levels left

rFire    . . .     SeeInvis +   b - +3 quarterstaff (chaos)
rCold    . . .     Faith    .   e - +0 kite shield
rNeg     . . .     Spirit   .   k - +0 chain mail
rPois    .         Reflect  .   (helmet unavailable)
rElec    .         Harm     .   p - +1 cloak {rCorr}
rCorr    +         Rampage  .   (no gloves)
Will     +....                  w - +0 pair of boots
Stlth    ..........             (no amulet)
HPRegen  0.22/turn              h - ring of flight
MPRegen  0.14/turn              (no ring)

@: lethally poisoned (0 -> -1)
A: permanent stasis, dig shafts and tunnels, four strong arms, antennae 3
a: Dig, Shaft Self, Renounce Religion, Evoke Flight, Depart the Abyss, Bend
Space, Banish, Corrupt, Enter the Abyss


You were on level 8 of the Dungeon.
You worshipped Lugonu.
Lugonu was extremely pleased with you.
You visited 1 branch of the dungeon, and saw 8 of its levels.
You visited the Abyss 1 time.

You collected 404 gold pieces.

Inventory:

Hand Weapons
 a - a +0 war axe
 b - a +3 quarterstaff of chaos (weapon)
Armour
 e - a +0 kite shield (worn)
 k - a +0 chain mail (worn)
 p - a +1 cloak of preservation (worn)
 w - a +0 pair of boots (worn)
Jewellery
 h - a ring of flight (left hand)
Scrolls
 f - 3 scrolls of remove curse
 j - a scroll of fear
 l - 2 scrolls of identify
 n - 2 scrolls of enchant armour
 v - 3 scrolls of enchant weapon
Potions
 c - 2 potions of attraction
 g - 3 potions of might
 i - a potion of lignification
 o - a potion of mutation


   Skills:
 + Level 6.2 Fighting
 * Level 7.0 Axes
 + Level 5.5 Armour
 - Level 0.8 Dodging
 + Level 6.0 Shields
 + Level 7.7 Invocations
 + Level 5.7 Evocations


You had 9 spell levels left.
You didn't know any spells.
Your spell library contained the following spells:

 Spells                   Type           Power        Failure   Level
 Confusing Touch          Hex            0%           100%        3
 Gell's Gravitas          Tloc           0%           100%        3
 Petrify                  Tmut/Erth      0%           100%        4
 Metabolic Englaciation   Hex/Ice        0%           100%        5
 Yara's Violent Unravell  Hex/Tmut       0%           100%        5


Dungeon Overview and Level Annotations

Branches:
Dungeon (8/15)             Temple (0/1) D:4
   Lair: D:8-11

Altars:
Dithmenos
Makhleb
Qazlal
Sif Muna

Shops:
D:5 (

Annotations:
D:8 2 transporters, XxsatanxX's ghost, novice MiBe


Innate Abilities, Weirdness & Mutations

You cannot be hasted, slowed, berserked, paralysed or teleported.
You can dig through walls and to a lower floor.
Your four strong arms can wield two-handed weapons with a shield.
You have a pair of large antennae on your head. (SInv)


Message History

You are engulfed in a cloud of scalding steam.
* * * LOW HITPOINT WARNING * * *
You feel sick. You block the steam dragon's attack. x2
The steam dragon barely misses you. The steam dragon claws you.
* * * LOW HITPOINT WARNING * * *
You hit the steam dragon but do no damage.
The steam dragon is heavily wounded.
You block the steam dragon's attack. x2
Okay, then.
You hit the steam dragon. You burn the steam dragon.
The steam dragon is severely wounded.
You feel sick. The steam dragon breathes steam at you.
The ball of steam hits you but does no damage.
You hit the steam dragon.
The steam dragon is severely wounded.
You are engulfed in a cloud of scalding steam.
The steam dragon breathes steam at you. The ball of steam hits you!
You die...

#.#...#... ....
......#.........
.................
..................
......#.........
....#.......#
###..D......###....
..#.§§@Z......#.#...#
.....§.§.......#.....#
#....§§§.............#
###.§......##......#.#.
##.................#..
#.................#..
#..................#..
##.............#...#..
##................#..


You could see a steam dragon (catching breath) and a howler monkey skeleton.

Vanquished Creatures
  Pikel (D:5)
  A hornet (D:7)
  A water moccasin (D:7)
  A phantom (D:4)
  An ice beast (D:7)
  3 ogres
  3 centaurs (D:7)
  A lemure (D:5)
  2 bullfrogs
  A wyvern skeleton (D:8)
  2 scorpions
  A howler monkey (D:5)
  A bullfrog zombie (D:6)
  A centaur skeleton (D:7)
  4 jellies
  2 bullfrog skeletons
  A gnoll shaman (D:5)
  An orc priest (D:4)
  4 hounds
  8 orc wizards
  Crazy Yiuf (D:3)
  An iguana (D:6)
  Natasha (thrice) (D:4)
  5 worker ants
  A killer bee zombie (D:7)
  A howler monkey zombie (D:5)
  3 worker ant zombies
  12 gnolls
  12 adders
  4 white imps
  5 ufetubi
  2 oozes (D:2)
  An adder zombie (D:8)
  2 worms
  5 dart slugs
  4 leopard geckos
  27 orcs
  5 giant cockroaches
  3 goblins
  5 hobgoblins
  9 jackals
  6 kobolds
  3 quokkas
  5 ball pythons
  10 bats
  4 frilled lizards
  A jackal skeleton (D:8)
  A jackal zombie (D:7)
  A quokka zombie (D:5)
  5 rats
187 creatures vanquished.

Vanquished Creatures (others)
  A hound (D:8)
  An adder skeleton (D:8)
2 creatures vanquished.

Grand Total: 189 creatures vanquished

Notes
Turn   | Place    | Note
-------+----------+-------------------------------------------
     0 | Abyss:1  | Gadfly the Formicid Abyssal Knight began the quest for the
                  | Orb.
     0 | Abyss:1  | Reached XP level 1. HP: 18/18 MP: 2/2
    50 | Abyss:1  | Found a corrupted altar of Lugonu.
    89 | D:1      | Escaped the Abyss
   116 | D:1      | Reached XP level 2. HP: 21/24 MP: 3/3
   431 | D:1      | Reached skill level 1 in Evocations
   537 | D:1      | Reached XP level 3. HP: 23/29 MP: 5/5
  1024 | D:2      | Reached ** piety under Lugonu
  1210 | D:2      | Reached XP level 4. HP: 29/36 MP: 6/6
  1290 | D:2      | Reached skill level 1 in Shields
  1913 | D:2      | Found a burning altar of Makhleb.
  1913 | D:2      | Noticed an Executioner
  1995 | D:2      | Reached XP level 5. HP: 42/42 MP: 7/7
  2535 | D:3      | Reached *** piety under Lugonu
  2722 | D:3      | Reached XP level 6. HP: 40/48 MP: 8/8
  3354 | D:3      | Found a runed translucent door.
  3355 | D:3      | Noticed Crazy Yiuf
  3521 | D:3      | Killed Crazy Yiuf
  3811 | D:4      | Found a staircase to the Ecumenical Temple.
  3850 | D:4      | Reached XP level 7. HP: 37/54 MP: 9/9
  4241 | D:4      | Noticed Natasha
  4249 | D:4      | Killed Natasha
  4404 | D:4      | Reached **** piety under Lugonu
  4444 | D:4      | Noticed Natasha
  4447 | D:4      | Killed Natasha
  4473 | D:4      | Noticed Natasha
  4481 | D:4      | Killed Natasha
  4519 | D:4      | Reached XP level 8. HP: 60/61 MP: 11/11
  4718 | D:5      | Entered Level 5 of the Dungeon
  4869 | D:5      | Reached skill level 5 in Invocations
  4980 | D:5      | Noticed Pikel
  5016 | D:5      | Killed Pikel
  5017 | D:5      | Reached skill level 5 in Fighting
  5017 | D:5      | Reached skill level 5 in Axes
  5017 | D:5      | Reached XP level 9. HP: 21/68 MP: 11/13
  5454 | D:5      | Found Kallebro's Weapon Emporium.
  5654 | D:5      | Found a shadowy altar of Dithmenos.
  6011 | D:6      | Reached ***** piety under Lugonu
  6041 | D:6      | Reached skill level 5 in Shields
  6081 | D:6      | Found a stormy altar of Qazlal.
  6755 | D:7      | Reached skill level 5 in Evocations
  6896 | D:7      | Reached skill level 5 in Armour
  7221 | D:7      | Noticed a hornet
  7236 | D:7      | Killed a hornet
  7674 | D:7      | Reached XP level 10. HP: 65/76 MP: 15/15
  7775 | D:8      | Found a transporter.
  7824 | D:8      | Found a transporter.
  7827 | D:8      | Noticed XxsatanxX's ghost (novice MiBe)
  8029 | D:8      | Found a shimmering blue altar of Sif Muna.
  8165 | D:8      | Killed from afar by a steam dragon

Illustrated notes

Levels and vault maps discovered:
D:1:      roderic_dead_forest, layout_rooms, chequers_serial_rivers_small_3
D:2:      layout_loops_cross, moated_statue, kennysheep_decorative_pillar,
          makhleb_altar_promises_db
D:3:      layout_basic, uniq_crazy_yiuf_cottage
D:4:      layout_basic, minmay_temple_entry_from_below_a, hex_tiny, uniq_natasha
D:5:      layout_rooms, nicolae_dithmenos_through_a_glass_darkly, serial_shops,
          nicolae_shop_trees, uniq_pikel
D:6:      layout_loops_cross, basic_altar, chequers_serial_rivers_small_b,
          corner_web_ring
D:7:      kennysheep_big_flooded_room, layout_basic
D:8:      layout_cave_pools, gammafunk_ghost_mausoleum, tgw_sif

Skill      XL: |  1  2  3  4  5  6  7  8  9 10 |
---------------+-------------------------------+-----
Evocations     | 1 2 3 4 5 |  5.7
Shields        | 1 2 3 4 5 6 |  6.0
Invocations    | 3 4 6 7 |  7.7
Fighting       | 4 5 6 |  6.2
Axes           | 3 4 5 6 7 |  7.0
Armour         | 3 4 5 |  5.5
Dodging        | |  0.8

Action                   |  1- 3 |  4- 6 |  7- 9 | 10-12 || total
-------------------------+-------+-------+-------+-------++-------
Melee: Hand axe          |    79 |   152 |       |       ||   231
       War axe           |       |    39 |     6 |    22 ||    67
       Quarterstaff      |       |    23 |   327 |    53 ||   403
 Abil: Dig               |     1 |       |     2 |       ||     3
       Evoke Flight      |       |       |       |     1 ||     1
  Use: Scroll            |     4 |     3 |     7 |     1 ||    15
       Potion            |       |     3 |     9 |       ||    12
 Stab: Paralysed         |       |       |     2 |       ||     2
Armor: Leather armour    |     7 |       |       |       ||     7
       Ring mail         |    16 |     4 |       |       ||    20
       Chain mail        |       |   139 |   169 |    50 ||   358
       Skin              |       |       |    21 |       ||    21
Dodge: Dodged            |    48 |    90 |    71 |    29 ||   238
Block: Kite shield       |       |    87 |   178 |    59 ||   324
